 Dungeon Crawl Stone Soup version 0.31-a0-355-g57cb03d3e8 (webtiles) character file.

Game seed: 9516212120401545924

1449 howech the Chopper (level 8, -6/105 HPs)
             Began as a Minotaur Berserker on July 24, 2023.
             Was a Priest of Trog.
             Mangled by a two-headed ogre
             ... wielding a +0 giant club
              (17 damage)
             ... on level 6 of the Dungeon.
             The game lasted 00:13:20 (4484 turns).

howech the Chopper (Minotaur Berserker)             Turns: 4484, Time: 00:13:20

Health: -6/105     AC: 14    Str: 22    XL:     8   Next: 47%
Magic:  7/7        EV: 12    Int:  6    God:    Trog [***...]
Gold:   403        SH:  0    Dex: 10    Spells: 7/7 levels left

rFire   . . .        a - +0 hand axe
rCold   . . .        (no shield)
rNeg    . . .        b - +0 plate armour
rPois   .            (helmet restricted)
rElec   .            r - +0 cloak
rCorr   .            B - +0 pair of gloves
SInv    .            (no boots)
Will    .....        (no amulet) Stlth
                     c - +5 ring of evasion
HPRegen 0.37/turn    (no ring)
MPRegen 0.10/turn

%: no passive effects
@: berserking, very quick
A: horns 2, retaliatory headbutt
a: Renounce Religion, Berserk, Trog's Hand


You were on level 6 of the Dungeon.
You worshipped Trog.
Trog was most pleased with you.
You visited 2 branches of the dungeon, and saw 7 of its levels.

You collected 403 gold pieces.

Inventory:

Hand Weapons
 a - a +0 hand axe (weapon)
 o - a +0 war axe
Missiles
 z - 6 atropa-tipped darts
Armour
 b - a +0 plate armour (worn)
 r - a +0 cloak (worn)
 B - a +0 pair of gloves (worn)
Jewellery
 c - a +5 ring of evasion (left hand)
 s - a ring of fire
 y - a ring of magical power
Wands
 m - a wand of roots (8)
 q - a wand of flame (42)
 t - a wand of paralysis (4)
Scrolls
 f - a scroll of blinking {unknown}
 h - a scroll of revelation {unknown}
 k - a scroll of poison {unknown}
 l - a scroll of enchant weapon {unknown}
 u - 3 scrolls of acquirement {unknown}
 x - a scroll of immolation {unknown}
 A - a scroll of amnesia {unknown}
 C - 2 scrolls of teleportation {unknown}
Potions
 d - a potion of magic
 e - a potion of lignification
 g - 2 potions of invisibility
 i - a potion of might
 j - a potion of mutation
 n - 2 potions of enlightenment {unknown}
 p - a potion of resistance {unknown}
 v - 2 potions of curing {unknown}
 w - 2 potions of berserk rage {unknown}


   Skills:
 + Level 6.0 Fighting
 + Level 6.1 Axes
 + Level 3.5 Throwing
 - Level 5.0 Armour
 + Level 4.8 Dodging
 + Level 4.5 Shields
 + Level 3.4 Evocations


You had 7 spell levels left.
You didn't know any spells.
Your spell library was empty.

Dungeon Overview and Level Annotations

Branches:
Dungeon (6/15)             Temple (1/1) D:5

Altars:
Ashenzari
Cheibriados
Elyvilon
Gozag
Kikubaaqudgha
Nemelex Xobeh
Okawaru
Qazlal
Sif Muna
Vehumet
Yredelemnul
Zin
The Shining One

Annotations:
D:5 3 runed translucent doors, MathMan16's ghost, novice MiFi; drugrobin's ghost, weakling DgDe


Innate Abilities, Weirdness & Mutations

You have a pair of horns on your head.
You reflexively headbutt those who attack you in melee.


Message History

The two-headed ogre moves out of view.
The two-headed ogre closely misses you.
The two-headed ogre hits you with a +0 giant club!
You barely miss the two-headed ogre. You hit the two-headed ogre.
The two-headed ogre is lightly wounded.
The two-headed ogre hits you with a +0 giant club!
The two-headed ogre closely misses you.
You hit the two-headed ogre.
The two-headed ogre is lightly wounded.
The two-headed ogre misses you. The two-headed ogre barely misses you.
You slash the two-headed ogre! You headbutt the two-headed ogre!
The two-headed ogre is heavily wounded.
You barely miss the two-headed ogre. You headbutt the two-headed ogre!
The two-headed ogre is severely wounded.
The two-headed ogre hits you with a +0 giant club!!
The two-headed ogre misses you.
You hit the two-headed ogre.
The two-headed ogre is severely wounded.
The two-headed ogre barely misses you.
The two-headed ogre hits you with a +0 giant club!
* * * LOW HITPOINT WARNING * * *
You hit the two-headed ogre but do no damage.
The two-headed ogre is severely wounded.
You slash the two-headed ogre!
The two-headed ogre is almost dead.
The two-headed ogre misses you. x2
A red film seems to cover your vision as you go berserk!
You feel yourself moving faster!
You feel mighty!
The two-headed ogre hits you with a +0 giant club!
* * * LOW HITPOINT WARNING * * *
The two-headed ogre barely misses you.
You barely miss the two-headed ogre.
The two-headed ogre is almost dead.
You closely miss the two-headed ogre.
Your headbutt misses the two-headed ogre.
The two-headed ogre is almost dead.
The two-headed ogre hits you but does no damage.
The two-headed ogre hits you with a +0 giant club!
You die...

###............
#........#.
#.#####..#
#...# ##.#
##...## #.#
#.._..###.#
#.....#...##
#######....##
#.?O@.....#
#...........#
#.........###
##......###
########


You could see a two-headed ogre.

Vanquished Creatures
  Eustachio (D:6)
  2 black bears (D:5)
  A centaur (D:4)
  2 phantoms
  A bullfrog (D:4)
  3 scorpions
  3 howler monkeys
  A jelly (D:4)
  3 hounds
  Crazy Yiuf (D:3)
  3 iguanas (D:5)
  Ijyb (D:4)
  2 orc wizards
  A sleepcap (D:5)
  Robin (D:3)
  3 gnolls (D:5)
  10 adders
  An ufetubus (D:5)
  4 worms
  4 dart slugs
  21 orcs
  2 endoplasms
  2 giant cockroaches
  8 goblins
  8 hobgoblins
  5 quokkas
  7 ball pythons
  3 bats (D:3)
  2 frilled lizards (D:1)
  4 kobolds
  3 rats
113 creatures vanquished.

Notes
Turn   | Place    | Note
-------+----------+-------------------------------------------
     0 | D:1      | howech the Minotaur Berserker began the quest for the Orb.
     0 | D:1      | Reached XP level 1. HP: 19/19 MP: 0/0
   150 | D:1      | Reached XP level 2. HP: 25/27 MP: 1/1
   687 | D:2      | Reached ** piety under Trog
   688 | D:2      | Reached skill level 1 in Shields
   688 | D:2      | Reached XP level 3. HP: 32/33 MP: 2/2
   871 | D:2      | Reached skill level 1 in Evocations
  1441 | D:3      | Reached XP level 4. HP: 37/40 MP: 3/3
  1453 | D:3      | Reached skill level 1 in Throwing
  1591 | D:3      | Noticed Robin
  1651 | D:3      | Killed Robin
  1950 | D:3      | Found a runed translucent door.
  1951 | D:3      | Noticed Crazy Yiuf
  1957 | D:3      | Killed Crazy Yiuf
  1958 | D:3      | Reached XP level 5. HP: 46/46 MP: 4/4
  2025 | D:3      | Found a faded altar of an unknown god.
  2259 | D:3      | Reached *** piety under Trog
  2445 | D:4      | Noticed a centaur
  2456 | D:4      | Killed a centaur
  2457 | D:4      | Reached XP level 6. HP: 27/53 MP: 5/5
  2759 | D:4      | Noticed Ijyb
  2765 | D:4      | Killed Ijyb
  2816 | D:4      | Reached skill level 5 in Axes
  2846 | D:4      | Reached skill level 5 in Fighting
  2846 | D:4      | Reached XP level 7. HP: 52/61 MP: 6/6
  3104 | D:5      | Entered Level 5 of the Dungeon
  3163 | D:5      | Found a staircase to the Ecumenical Temple.
  3170 | Temple   | Entered the Ecumenical Temple
  3397 | D:5      | Found a runed translucent gate.
  3398 | D:5      | Found a runed translucent gate.
  3400 | D:5      | Found a runed translucent gate.
  3528 | D:5      | Noticed MathMan16's ghost (novice MiFi)
  3528 | D:5      | Noticed drugrobin's ghost (weakling DgDe)
  3766 | D:5      | Reached XP level 8. HP: 61/69 MP: 7/7
  4127 | D:6      | Noticed Eustachio
  4159 | D:6      | Killed Eustachio
  4160 | D:6      | Reached skill level 5 in Armour
  4448 | D:6      | Found a sparkling altar of Nemelex Xobeh.
  4470 | D:6      | Noticed a two-headed ogre
  4484 | D:6      | Mangled by a two-headed ogre

Illustrated notes

Levels and vault maps discovered:
D:1:      dpeg_arrival_houses_and_road, layout_basic
D:2:      layout_loops_ring, minmay_crystal_water, kennysheep_doodads,
          solitary_fountain
D:3:      layout_basic, hellmonk_ecumenical_altar_leap_of_faith, uniq_robin,
          uniq_crazy_yiuf_cottage
D:4:      layout_rooms, uniq_ijyb
D:5:      layout_loops_cross, minmay_temple_entry_nine_rooms,
          gammafunk_ghost_cemetery
D:6:      layout_cave_pods, mainiacjoe_overflow_alcove_1, uniq_eustachio
Temple:   hc_temple_tempest_star

Skill      XL: |  1  2  3  4  5  6  7  8 |
---------------+-------------------------+-----
Axes           | 4 5 6 |  6.1
Shields        | 1 2 3 4 |  4.5
Fighting       | 4 5 6 |  6.0
Evocations     | 1 2 3 |  3.4
Throwing       | 1 2 3 |  3.5
Armour         | 3 4 5 |  5.0
Dodging        | 3 4 |  4.8

Action                     |  1- 3 |  4- 6 |  7- 9 || total
---------------------------+-------+-------+-------++-------
  Melee: Hand axe          |    74 |   128 |   156 ||   358
         Headbutt          |    11 |    21 |    36 ||    68
         Punch             |     1 |     2 |       ||     3
 Invoke: Berserk           |       |     1 |     2 ||     3
         Trog's Hand       |       |     1 |       ||     1
    Use: Scroll            |     1 |       |     5 ||     6
 Armour: Animal skin       |     1 |       |       ||     1
         Leather armour    |     6 |    11 |       ||    17
         Plate armour      |       |    32 |    94 ||   126
  Dodge: Dodged            |    54 |    95 |   105 ||   254

Table legend: (Time is in decaauts)
 A = Elapsed time spent in this place.
 B = Non-inter-level travel time spent in this place.
 C = Inter-level travel time spent in this place.
 D = Time resting spent in this place.
 E = Time spent auto-exploring this place.
 F = Levels seen in this place.
 G = Mean time per level.
                   A        B        C        D        E       F      G
               +--------+--------+--------+--------+--------+-----+--------+
         Total |   4527 |   4320 |    207 |    399 |   2888 |   7 |  646.7 |
       Dungeon |   4525 |   4318 |    207 |    399 |   2888 |   6 |  754.2 |
        Temple |      1 |      1 |      0 |      0 |      0 |   1 |    1.0 |
               +--------+--------+--------+--------+--------+-----+--------+

Top non-repeatable levels by time:
     D:5: 1021 daAuts
     D:3: 962 daAuts
     D:2: 833 daAuts
     D:4: 696 daAuts
     D:1: 638 daAuts
     D:6: 373 daAuts
  Temple: 1 daAuts
